 Dungeon Crawl Stone Soup version 0.31.0-11-ge490571c62 (webtiles) character file.

Game seed: 15625342203952975962

632 hawla the Magician (level 7, -2/36 HPs)
             Began as a Deep Elf Conjurer on Jan 29, 2024.
             Was an Initiate of Vehumet.
             Shot with an arrow by a centaur (12 damage)
             ... on level 5 of the Dungeon.
             The game lasted 00:10:17 (3803 turns).

hawla the Magician (Deep Elf Conjurer)              Turns: 3803, Time: 00:10:18

Health: -2/36      AC:  5    Str: 12    XL:     7   Next: 24%
Magic:  10/19      EV: 12    Int: 23    God:    Vehumet [......]
Gold:   227        SH:  0    Dex: 13    Spells: 13/20 levels left

rFire   + . .        k - staff of fire
rCold   . . .        (no shield)
rNeg    . . .        n - +2 robe
rPois   .            (no helmet)
rElec   .            e - +0 cloak
rCorr   .            (no gloves)
SInv    .            (no boots)
Will    .....        (no amulet)
Stlth   ++           m - +6 ring of strength
HPRegen 0.26/turn    (no ring)
MPRegen 0.16/turn

%: no passive effects
@: no status effects
A: no striking features
a: Renounce Religion


You were on level 5 of the Dungeon.
You worshipped Vehumet.
Vehumet was noncommittal.
You visited 2 branches of the dungeon, and saw 6 of its levels.

You collected 227 gold pieces.

Inventory:

Armour
 e - a +0 cloak (worn)
 n - a +2 robe (worn)
Magical Staves
 k - a staff of fire (weapon)
Jewellery
 m - a +6 ring of strength (left hand)
Wands
 d - a wand of charming (9) (quivered)
Scrolls
 c - 2 scrolls of teleportation
 l - a scroll of poison
Potions
 a - 3 potions of might {unknown}
 b - a potion of berserk rage
 f - 2 potions of enlightenment {unknown}
 g - a potion of brilliance
 h - a potion of lignification
 i - a potion of heal wounds
 j - 2 potions of curing {unknown}
 s - a potion of ambrosia {unknown}


   Skills:
 - Level 1.0 Staves
 - Level 3.0 Dodging
 - Level 3.0 Stealth
 - Level 7.0 Spellcasting
 - Level 4.3 Conjurations
 + Level 2.1 Necromancy
 - Level 3.0 Translocations
 - Level 3.0 Fire Magic
 - Level 1.0 Ice Magic
 - Level 3.0 Evocations


You had 13 spell levels left.
You knew the following spells:

 Your Spells              Type           Power      Damage    Failure   Level
a - Magic Dart            Conj           100%       1d8       1%          1
b - Searing Ray           Conj           56%        2d6       1%          2
c - Iskenderun's Mystic   Conj/Tloc      25%        2d7       17%         4

Your spell library contained the following spells:

 Spells                   Type           Power      Damage    Failure   Level
 Lesser Beckoning         Tloc           42%        N/A       3%          2
 Freeze                   Ice            48%        1d6       4%          1
 Gell's Gravitas          Tloc           21%        N/A       7%          3
 Teleport Other           Tloc           21%        N/A       7%          3
 Hailstorm                Conj/Ice       20%        3d7       8%          3
 Cigotuvi's Dreadful Rot  Necr/Alch/Air  22%        N/A       9%          2
 Jinxbite                 Hex            16%        N/A       12%         2
 Frozen Ramparts          Ice            24%        1d4       16%         3
 Fulminant Prism          Conj/Alch      9%         3d7       30%         4
 Dispel Undead            Necr           18%        3d11      32%         4
 Summon Blazeheart Golem  Fire/Summ      22%        N/A       38%         4
 Martyr's Knell           Necr/Summ      13%        N/A       45%         4
 Yara's Violent Unravell  Hex/Alch       4%         3d4       91%         5
 Death Channel            Necr           9%         N/A       99%         6
 Enfeeble                 Hex            4%         N/A       100%        7
 Orb of Destruction       Conj           14%        9d7       100%        7
 Spellforged Servitor     Conj/Summ      9%         N/A       100%        7


Dungeon Overview and Level Annotations

Branches:
Dungeon (5/15)             Temple (1/1) D:4

Altars:
Ashenzari
Cheibriados
Dithmenos
Elyvilon
Gozag
Hepliaklqana
Kikubaaqudgha
Makhleb
Nemelex Xobeh
Ru
Sif Muna
Trog
Uskayaw
Vehumet
Yredelemnul

Annotations:
D:4 Pikel


Message History

Found a scroll labelled ZIPROE CEAREANWAST.
Found a stone staircase leading up.
The hound bites you.
The centaur unwields a +0 orcbow.
The centaur misses you. x2
The hound misses you.
Casting: Searing Ray (safe; 1% risk of failure)
Confirm with . or Enter, or press ? or * to list all spells.
Aiming: Searing Ray (safe; 1% risk of failure)
Press: ? - help, Shift-Dir - straight line, f - centaur
Aim: a centaur (87% to hit)
The searing ray hits the centaur.
The centaur is lightly wounded. (Press . to maintain the ray.)
The centaur hits you. The centaur barely misses you.
The hound barely misses you.
A hound comes into view.
The searing ray misses the centaur.
The centaur hits you. The centaur kicks you.
The hound bites you but does no damage. The centaur hits you.
The centaur closely misses you. The hound bites you but does no damage.
The searing ray misses the centaur.
The centaur hits you. The centaur kicks you. The hound closely misses you.
The searing ray hits the centaur!
The centaur is heavily wounded.
You finish channelling your searing ray.
The centaur closely misses you. x2; The hound bites you.
The centaur closely misses you. The centaur kicks you.
* * * LOW HITPOINT WARNING * * *
The hound barely misses you.
Casting: Searing Ray (safe; 1% risk of failure)
Confirm with . or Enter, or press ? or * to list all spells.
You erupt in a blast of force!
The mystic blast hits the centaur!
The centaur is almost dead.
The centaur is knocked back by the mystic blast.
The mystic blast hits the hound.
The hound is heavily wounded.
The hound is knocked back by the mystic blast.
You hear a bark!
The centaur wields a +0 orcbow.
The centaur shoots an arrow.
The arrow hits you!
You die...

*,,,,,,,,,,,,,,,#######......#
*****,,,,.....,**,,,..##........#
**,,,,,,,.$##.....)....######
*,*#..,...........######
*,*...,.#..[.....,*
*,#.#.***#..,,,,,,* ********
*,*,*,* *,,,,,,,,*


You could see a centaur and 2 hounds.

Vanquished Creatures
  Sigmund (D:3)
  Menkaure (D:4)
  An ice beast (D:4)
  A phantom (D:4)
  3 lemures (D:4)
  A scorpion (D:4)
  A bombardier beetle (D:3)
  2 adders (D:4)
  2 dart slugs (D:1)
  2 ribbon worms
  An orc (D:4)
  A ball python (D:3)
  3 endoplasms
  6 giant cockroaches
  5 goblins
  5 hobgoblins
  2 jackals (D:2)
  3 kobolds
  7 quokkas
  7 bats
  4 frilled lizards
  2 rats
61 creatures vanquished.

Notes
Turn   | Place    | Note
-------+----------+-------------------------------------------
     0 | D:1      | hawla the Deep Elf Conjurer began the quest for the Orb.
     0 | D:1      | Reached XP level 1. HP: 10/10 MP: 6/6
   221 | D:1      | Reached skill level 4 in Spellcasting
   221 | D:1      | Reached XP level 2. HP: 15/15 MP: 5/9
   518 | D:1      | Learned a level 2 spell: Searing Ray
   820 | D:1      | Reached XP level 3. HP: 19/19 MP: 9/11
  1023 | D:2      | Reached skill level 5 in Spellcasting
  1772 | D:3      | Reached skill level 6 in Spellcasting
  1772 | D:3      | Reached XP level 4. HP: 24/24 MP: 8/14
  2331 | D:3      | Noticed Sigmund
  2340 | D:3      | Killed Sigmund
  2341 | D:3      | Reached skill level 7 in Spellcasting
  2341 | D:3      | Reached skill level 1 in Evocations
  2341 | D:3      | Reached XP level 5. HP: 18/28 MP: 6/16
  2804 | D:4      | Reached XP level 6. HP: 32/32 MP: 12/18
  2841 | D:4      | Found a staircase to the Ecumenical Temple.
  2907 | Temple   | Entered the Ecumenical Temple
  2912 | Temple   | Became a worshipper of Vehumet
  2990 | D:4      | Noticed Menkaure
  2995 | D:4      | Killed Menkaure
  2996 | D:4      | Reached skill level 1 in Staves
  3001 | D:4      | Learned a level 4 spell: Iskenderun's Mystic Blast
  3082 | D:4      | Noticed Pikel
  3287 | D:4      | Reached skill level 1 in Translocations
  3380 | D:4      | Reached XP level 7. HP: 34/36 MP: 6/19
  3640 | D:4      | Reached skill level 1 in Ice Magic
  3770 | D:5      | Entered Level 5 of the Dungeon
  3803 | D:5      | Shot with an arrow by a centaur

Illustrated notes

Levels and vault maps discovered:
D:1:      mrwooster_arrival_statue_3, layout_loops_ring
D:2:      layout_basic
D:3:      layout_basic, serial_co_window_serial, co_window_paths_a,
          co_window_paths_a, co_window_paths_a, co_window_paths_a,
          co_window_corner_a, co_window_paths_b, co_window_of_opportunity_a,
          co_window_paths_a, co_window_of_opportunity_a, co_window_corner_ca,
          co_window_corner_b, co_window_2corner, co_window_of_opportunity_c,
          co_window_corner_b, co_window_corner_b, co_window_paths_c,
          co_window_4corner_a, uniq_sigmund
D:4:      layout_loops_cross, minmay_temple_entry_grid, kennysheep_flooded_box,
          uniq_pikel, uniq_menkaure
D:5:      layout_rooms
Temple:   minmay_freezing_vapour_temple

Skill      XL: |  1  2  3  4  5  6  7 |
---------------+----------------------+-----
Spellcasting   | 4 6 7 |  7.0
Fire Magic     | 3 |  3.0
Evocations     | 1 2 3 |  3.0
Staves         | 1 |  1.0
Dodging        | 3 |  3.0
Stealth        | 3 |  3.0
Translocations | 3 |  3.0
Ice Magic      | 1 |  1.0
Necromancy     | 2 |  2.1
Conjurations   | |  4.3

Action                     |  1- 3 |  4- 6 |  7- 9 || total
---------------------------+-------+-------+-------++-------
  Melee: Staff             |     5 |    12 |       ||    17
   Cast: Magic Dart        |    56 |    11 |       ||    67
         Searing Ray       |     6 |    24 |     3 ||    33
         Iskenderun's Myst |       |     2 |     1 ||     3
    Use: Scroll            |     7 |     1 |     6 ||    14
         Potion            |       |     2 |       ||     2
 Armour: Robe              |     8 |    24 |    13 ||    45
  Dodge: Dodged            |     5 |    19 |    12 ||    36
